 Dungeon Crawl Stone Soup version 0.30-b1-2-g02819fbbbe (webtiles) character file.

Game seed: 15468248526891170110

89179 suse60 the Slayer (level 15, -23/130 HPs)
             Began as a Minotaur Gladiator on June 24, 2023.
             Was a High Priest of the Shining One.
             Killed from afar by a lich (47 damage)
             ... with a bolt of cold
             ... on level 4 of the Abyss on July 2, 2023.
             The game lasted 02:12:38 (20478 turns).

suse60 the Slayer (Minotaur Gladiator)             Turns: 20478, Time: 02:12:39

Health: -23/130    AC: 23    Str: 25      XL:     15   Next: 48%
Magic:  17/17      EV:  7    Int:  0 (1)  God:    the Shining One [*****.]
Gold:   1167       SH:  0    Dex:  8 (9)  Spells: 14/14 levels left

rFire   + + .        s - +2 battleaxe (freeze)
rCold   . . .        (shield currently unavailable)
rNeg    + + .        g - +2 plate armour {rF+}
rPois   .            c - +2 hat
rElec   .            q - +2 cloak
rCorr   .            G - +2 pair of gloves
SInv    +            a - +2 pair of boots {Fly}
Will    +....        E - amulet of regeneration Stlth
                     n - ring of see invisible
HPRegen 1.21/turn    A - ring of protection from fire
MPRegen 0.15/turn

%: random rage (9%)
@: mighty, on berserk cooldown, flying, slowed, lost intelligence, glowing,
studying Long Blades, unable to read, very slow
A: horns 2, retaliatory headbutt, iridescent scales 1, screaming 1, [berserk 2],
[clumsy 2], [deformed body], [deterioration 2], [dopey 2], [frail 2], [low MP
2], [no potion heal 2], subdued magic 1[+2]
a: Renounce Religion, Divine Shield, Cleansing Flame, Summon Divine Warrior


You were on level 4 of the Abyss.
You worshipped the Shining One.
The Shining One was extremely pleased with you.
You visited 5 branches of the dungeon, and saw 19 of its levels.
You visited the Abyss 1 time.
You also visited: Bailey and Volcano.

You collected 2103 gold pieces.
You spent 936 gold pieces at shops.

Inventory:

Hand Weapons
 m - a +2 hand axe of flaming
 s - a +2 battleaxe of freezing (weapon)
 O - the +1 war axe of the Crushed Loafs {freeze, rElec}
   (You found it on level 1 of the Lair of Beasts)

   rElec:     It insulates you from electricity.
Missiles
 b - 12 poisoned darts
 e - 8 javelins (quivered)
 L - 3 throwing nets
Armour
 a - a +2 pair of boots of flying (worn)
 c - a +2 hat (worn)
 g - a +2 plate armour of fire resistance (worn)
 q - a +2 cloak (worn)
 G - a +2 pair of gloves (worn)
Jewellery
 n - a ring of see invisible (left hand)
 A - a ring of protection from fire (right hand)
 E - an amulet of regeneration (around neck)
Wands
 j - a wand of polymorph (6)
 o - a wand of light (11)
 x - a wand of charming (7)
 B - a wand of roots (5)
 K - a wand of mindburst (2)
Scrolls
 f - 6 scrolls of fog
 h - 5 scrolls of identify
 k - 2 scrolls of silence
 r - 6 scrolls of fear
 t - 2 scrolls of summoning
 D - 3 scrolls of magic mapping
 M - a scroll of poison
Potions
 d - 3 potions of resistance
 i - 7 potions of curing
 l - 3 potions of cancellation
 w - 4 potions of mutation
 z - a potion of might
 C - 3 potions of heal wounds
 H - a potion of ambrosia
 N - a potion of magic
Miscellaneous
 p - a phantom mirror (inert)


   Skills:
 - Level 23.3 Fighting
 + Level 18.5 Axes
 - Level 2.0 Throwing
 - Level 5.6 Armour
 - Level 3.2 Dodging
 - Level 11.0 Invocations


You had 14 spell levels left.
You didn't know any spells.
Your spell library contained the following spells:

 Spells                   Type           Power      Damage    Failure   Level
 Shock                    Conj/Air       0%         1d3       100%        1
 Summon Small Mammal      Summ           0%         N/A       100%        1
 Call Canine Familiar     Summ           0%         N/A       100%        3
 Hailstorm                Conj/Ice       0%         3d3       100%        3
 Ozocubu's Armour         Ice            0%         N/A       100%        3
 Summon Guardian Golem    Hex/Summ       0%         N/A       100%        3
 Swiftness                Air            0%         N/A       100%        3
 Vhi's Electric Charge    Tloc/Air       0%         N/A       100%        3
 Airstrike                Air            0%         2d(0-16)  100%        4
 Ice Form                 Ice/Tmut       0%         N/A       100%        4
 Alistair's Intoxication  Tmut/Pois      0%         N/A       100%        5
 Arcjolt                  Conj/Air       0%         1d10      100%        5
 Borgnjor's Vile Clutch   Necr/Erth      0%         N/A       100%        5
 Eringya's Noxious Bog    Tmut/Pois      0%         N/A       100%        6
 Plasma Beam              Fire/Air       0%         2x1d11    100%        6
 Simulacrum               Ice/Necr       0%         N/A       100%        6
 Ozocubu's Refrigeration  Ice            0%         4d7       100%        7


Dungeon Overview and Level Annotations

Branches:
Dungeon (10/15)            Temple (1/1) D:6            Lair (5/5) D:10
  Swamp (0/4) Lair:2       Spider (0/4) Lair:3        Slime (0/5) Lair:5
    Orc (2/2) D:9             Elf (1/3) Orc:2        Bailey (visited)
Volcano (visited)

Altars:
Ashenzari
Dithmenos
Gozag
Hepliaklqana
Okawaru
Qazlal
Ru
Wu Jian
Xom
Zin
The Shining One
Jiyva

Shops:
D:1 !?:   D:9 (   Orc:1 *   Orc:2 !?:*

Portals:
Trove: D:10 (give 2 scrolls of acquirement)

Annotations:
Elf:1 Louise


Innate Abilities, Weirdness & Mutations

You have a pair of horns on your head.
You reflexively headbutt those who attack you in melee.
You are partially covered in iridescent scales. (AC +2)
You occasionally shout uncontrollably at your foes.
[You have an uncontrollable temper.]
[You are very clumsy. (Dex -4)]
[Armour fits poorly on your strangely shaped body.]
[Your body often deteriorates upon taking damage.]
[You are very dopey. (Int -4)]
[You are very frail. (-20% HP)]
[Your magical capacity is very low. (-20% MP)]
[Potions cannot restore your health.]
[Your spells are much easier to cast, but much less powerful.]


Message History

You slice the wretched star!! You freeze the wretched star!
You headbutt the wretched star!!
The wretched star is severely damaged.
You hear a shout!
A raiju comes into view.
The wretched star glows turbulently.
The lance of force hits you but does no damage.
The raiju barks!
You slice the wretched star!! You freeze the wretched star.
You destroy the wretched star!
Aiming: Phantom Mirror
Press: ? - help, Q - select action, (/) - cycle Dir - move target, f - lich
Aim: a lich (haloed)
You reflect the lich with the mirror!
The mirror clouds!
A tentacled starspawn comes into view.
The lich barely misses your lich.
Your lich touches the lich but does no damage.
A neqoxec comes into view.
The lich touches your lich but does no damage.
Your lich gestures wildly while chanting.
Your lich flickers and vanishes for a moment.
The neqoxec gestures at you.
Strange energies course through your body.
Your connection to magic feels nearly dormant.
Your lich touches the lich.
The lich touches your lich.
The raiju bursts into living lightning!
The living lightning hits you but does no damage.
The raiju blinks! x2
The lich touches your lich but does no damage.
Your lich touches the lich but does no damage.
The neqoxec gestures at you.
Something tries to feed on your intellect!
The raiju bites you but does no damage.
You closely miss the neqoxec. Your headbutt misses the neqoxec.
You closely miss the raiju. The lich casts a spell at you.
The bolt of cold hits your lich.
Your lich resists.
The bolt of cold hits you!!!
You die...

.# ...# . ..
...## . .
##..# .#
..#.# ..##
##..##.....
###...#X#....
. #........#
.# .
##.#hLL.##
.#.## #@.#* .
.... . ##3#
.. ....# .
.###. # .###
##.†.## . #
...
....#*....
.###
..##.#.#..# .
. . # .
..#..# _#. .
...# .##
###...
.h.#..# .#..
..


You could see a tentacled starspawn, a lich (ally target), a raiju, a neqoxec
and a friendly lich (summoned, invisible, drained).

Vanquished Creatures
  4 tentacled starspawn
  An orc warlord (Orc:2)
  2 very ugly things (Abyss:4)
  Snorg (D:10)
  The ghost of Quercus the Destroyer, a journeyman DsHW of Gozag (Orc:2)
  The ghost of septik the Severer, a journeyman MiBe of Trog (Lair:1)
  6 hydras
  A merfolk avatar (Lair:5)
  An ogre mage (Orc:2)
  4 two-headed ogres
  19 death yaks
  A death knight (D:10)
  A hell hog (Abyss:4)
  5 orc high priests (Orc:2)
  A wretched star (Abyss:4)
  A sixfirhy (Abyss:4)
  4 skysharks
  A spatial maelstrom (Abyss:4)
  A sea snake (Lair:5)
  Lodul (D:10)
  A harpy (Lair:5)
  2 bog bodies (Lair:2)
  A deep elf zephyrmancer (Elf:1)
  7 orc knights
  Pikel (D:3)
  5 deep elf pyromancers (Elf:1)
  A manticore (Lair:5)
  4 orc sorcerers
  11 elephants
  A worldbinder (Abyss:4)
  3 black mambas
  2 apocalypse crabs
  12 cane toads
  2 smoke demons
  An unseen horror (Abyss:4)
  A rime drake (Lair:5)
  9 komodo dragons
  A tormentor (Abyss:4)
  A wind drake (Lair:5)
  2 red devils (Volcano)
  A troll (Orc:2)
  An ancient zyme (Abyss:4)
  A hornet (Lair:5)
  2 raiju (Abyss:4)
  13 blink frogs
  A snapping turtle (Lair:5)
  7 dream sheep
  Sigmund (D:2)
  2 culicivoras (Lair:3)
  3 large abominations
  A shadow (D:10)
  A ynoxinul (Abyss:4)
  51 yaks
  4 wyverns
  3 basilisks
  A wraith (D:10)
  A golden eye (Abyss:4)
  4 neqoxecs (Abyss:4)
  4 humans (Lair:4)
  4 steam dragons
  Menkaure (D:4)
  A vampire mosquito (D:10)
  3 wargs
  Edmund (D:5)
  A spatial vortex (Abyss:4)
  13 water moccasins
  3 hell hounds (Volcano)
  A sky beast (D:6)
  32 orc warriors
  4 black bears
  18 ogres
  17 wolves
  2 centaurs
  A lemure (D:3)
  2 kobold brigands
  6 bullfrogs
  An earth elemental (Abyss:4)
  3 scorpions
  11 wights
  2 small abominations (Abyss:4)
  6 killer bees (D:9)
  4 howler monkeys
  4 electric eels
  2 hounds
  3 jellies
  25 orc priests
  An iron imp (Abyss:4)
  12 starcursed masses (Abyss:4)
  A gnoll bouda (D:5)
  3 sleepcaps
  Terence (D:2)
  2 iguanas (D:5)
  13 orc wizards
  9 gnolls
  5 adders
  2 shadow imps
  A white imp (D:6)
  An ufetubus (D:6)
  3 worms
  5 dart slugs
  81 orcs
  3 ball pythons
  5 bats
  5 endoplasms
  5 giant cockroaches
  11 goblins
  8 hobgoblins
  2 quokkas
  A frilled lizard (D:3)
  19 kobolds
  8 rats
  A starspawn tentacle (Abyss:4)
606 creatures vanquished.

Vanquished Creatures (collateral kills)
  3 death yaks (D:10)
  A dream sheep (Lair:5)
4 creatures vanquished.

Vanquished Creatures (others)
  An orc wizard (D:9)
  25 fungi
  A lurking horror (Abyss:4)
  73 plants
  5 starspawn tentacles (Abyss:4)
105 creatures vanquished.

Grand Total: 715 creatures vanquished

Notes
Turn   | Place    | Note
-------+----------+-------------------------------------------
     0 | D:1      | suse60 the Minotaur Gladiator began the quest for the Orb.
     0 | D:1      | Reached XP level 1. HP: 18/18 MP: 0/0
   172 | D:1      | Reached skill level 3 in Fighting
   172 | D:1      | Reached XP level 2. HP: 26/26 MP: 1/1
   195 | D:1      | Found a faded altar of an unknown god.
   204 | D:1      | Found Saisadghi's Book Emporium.
   233 | D:1      | Found Kaatamp's Magic Scroll Emporium.
   234 | D:1      | Found Abihovotsott's Distillery.
   908 | D:2      | Reached XP level 3. HP: 24/31 MP: 2/2
  1234 | D:2      | Noticed Terence
  1244 | D:2      | Killed Terence
  1245 | D:2      | Reached skill level 4 in Fighting
  1290 | D:2      | Noticed Sigmund
  1371 | D:3      | Reached XP level 4. HP: 40/40 MP: 3/3
  1376 | D:3      | Reached skill level 5 in Axes
  1813 | D:3      | Found a broken altar of Ashenzari.
  2266 | D:4      | Noticed Pikel
  2266 | D:4      | Noticed a lemure
  2266 | D:4      | Noticed a lemure
  2266 | D:4      | Noticed a lemure
  2266 | D:4      | Noticed a lemure
  2272 | D:3      | Killed a lemure
  2337 | D:3      | Killed Pikel
  2338 | D:3      | Reached skill level 6 in Fighting
  2338 | D:3      | Reached XP level 5. HP: 23/51 MP: 4/4
  2338 | D:3      | Reached XP level 6. HP: 26/58 MP: 5/5
  2338 | D:3      | Reached XP level 7. HP: 29/64 MP: 6/6
  2518 | D:2      | Killed Sigmund
  2519 | D:2      | Reached skill level 7 in Fighting
  2759 | D:4      | Found a stormy altar of Qazlal.
  2924 | D:4      | Found a hazy altar of Hepliaklqana.
  2925 | D:4      | Found a faded altar of an unknown god.
  3062 | D:4      | Noticed Menkaure
  3079 | D:4      | Killed Menkaure
  3080 | D:4      | Reached skill level 8 in Fighting
  3210 | D:4      | Reached XP level 8. HP: 65/74 MP: 7/7
  3572 | D:5      | Entered Level 5 of the Dungeon
  3683 | D:5      | Reached skill level 9 in Fighting
  3799 | D:5      | Noticed Edmund
  3812 | D:5      | Killed Edmund
  3963 | D:5      | Reached skill level 10 in Axes
  4281 | D:6      | Reached skill level 10 in Fighting
  4281 | D:6      | Reached skill level 1 in Armour
  4503 | D:6      | Reached XP level 9. HP: 62/85 MP: 8/8
  4582 | D:6      | Identified the orb "Saxoaffi" {*Rage, rPois Dex-5 SInv}
  4617 | D:6      | Found a sacrificial altar of Ru.
  4748 | D:6      | Found a glowing golden altar of the Shining One.
  4820 | D:6      | Became a worshipper of the Shining One
  5067 | D:6      | Found a staircase to the Ecumenical Temple.
  5074 | Temple   | Entered the Ecumenical Temple
  5220 | D:7      | Found a flagged portal.
  5232 | Bailey   | Entered a bailey
  5459 | Bailey   | Reached skill level 11 in Fighting
  5466 | Bailey   | Reached skill level 5 in Armour
  6056 | D:7      | Found an iron altar of Okawaru.
  6975 | D:8      | Reached skill level 5 in Invocations
  6981 | D:8      | Reached XP level 10. HP: 64/96 MP: 11/13
  7610 | D:1      | Bought a scroll of blinking for 97 gold pieces
  7610 | D:1      | Bought a scroll of teleportation for 39 gold pieces
  7610 | D:1      | Bought 2 scrolls of enchant armour for 195 gold pieces
  7610 | D:1      | Bought a scroll of fear for 52 gold pieces
  7610 | D:1      | Bought a scroll of identify for 26 gold pieces
  7610 | D:1      | Bought 3 scrolls of identify for 78 gold pieces
  7628 | D:1      | Bought a potion of mutation for 80 gold pieces
  7628 | D:1      | Bought a potion of might for 40 gold pieces
  7628 | D:1      | Bought a potion of might for 40 gold pieces
  8141 | D:9      | Reached * piety under the Shining One
  8277 | D:9      | Found a staircase to the Orcish Mines.
  8394 | D:9      | Found Ytai's Weapon Emporium.
  8642 | D:9      | Found the Hermit's Pendant {Faith Invo=14 Evo=0 MP+5}
  8743 | D:9      | Found a glowing silver altar of Zin.
  8944 | D:10     | Entered Level 10 of the Dungeon
  8980 | D:10     | Noticed a death knight
  9001 | D:10     | Killed a death knight
  9002 | D:10     | Reached skill level 12 in Fighting
  9053 | D:10     | Noticed an eight-headed hydra
  9284 | D:10     | Found a portal to a secret trove of treasure.
  9344 | D:10     | Found an ornate altar of the Wu Jian Council.
  9348 | D:10     | Found a shimmering altar of Xom.
  9380 | D:10     | Reached ** piety under the Shining One
  9411 | D:10     | Reached XP level 11. HP: 90/106 MP: 20/20
  9443 | D:10     | Noticed a two-headed ogre
  9454 | D:10     | Killed a two-headed ogre
  9455 | D:10     | Reached skill level 13 in Fighting
  9519 | D:10     | Found a shadowy altar of Dithmenos.
  9595 | D:10     | Noticed a two-headed ogre
  9602 | D:10     | Killed a two-headed ogre
  9603 | D:10     | Reached skill level 14 in Fighting
  9707 | D:10     | Noticed Lodul
  9717 | D:10     | Killed Lodul
  9901 | D:10     | Killed an eight-headed hydra
  9902 | D:10     | Reached skill level 15 in Fighting
 10059 | D:10     | Noticed a death yak
 10059 | D:10     | Noticed a death yak
 10084 | D:10     | Killed a death yak
 10167 | D:10     | Found a staircase to the Lair.
 10175 | D:10     | Noticed a death yak
 10177 | D:10     | Noticed a death yak
 10177 | D:10     | Noticed a death yak
 10177 | D:10     | Noticed a death yak
 10200 | D:10     | Killed a death yak
 10204 | D:10     | Killed a death yak
 10205 | D:10     | Killed a death yak
 10209 | D:10     | Killed a death yak
 10212 | D:10     | Killed a death yak
 10213 | D:10     | Reached XP level 12. HP: 113/122 MP: 21/21
 10278 | D:10     | Identified the +1 cloak of the Land of Plenty {rPois}
 10360 | D:10     | Found an opulent altar of Gozag.
 10418 | D:10     | Noticed Snorg
 10418 | D:10     | Noticed a two-headed ogre
 10430 | D:10     | Killed Snorg
 10435 | D:10     | Killed a two-headed ogre
 10558 | Lair:1   | Entered Level 1 of the Lair of Beasts
 11368 | Lair:1   | Found a runed translucent gate.
 11369 | Lair:1   | Found a runed translucent gate.
 11369 | Lair:1   | Found a runed translucent gate.
 11369 | Lair:1   | Noticed a ten-headed hydra
 11370 | Lair:1   | Noticed septik's ghost (journeyman MiBe)
 11811 | Lair:2   | Noticed a death yak
 11811 | Lair:2   | Noticed a death yak
 11837 | Lair:2   | Noticed a death yak
 11846 | Lair:2   | Noticed a death yak
 11850 | Lair:2   | Noticed a death yak
 11858 | Lair:1   | Killed a death yak
 11859 | Lair:1   | Reached skill level 15 in Axes
 11972 | Lair:1   | Killed a death yak
 11981 | Lair:1   | Killed a death yak
 12056 | Lair:1   | Killed a death yak
 12132 | Lair:2   | Killed a death yak
 12211 | Lair:2   | Identified the +3 spear "Ostalem" {freeze, rC- Will+++
                  | Int+5}
 12343 | Lair:2   | Found a staircase to the Swamp.
 13062 | Lair:3   | Reached *** piety under the Shining One
 13071 | Lair:3   | Reached XP level 13. HP: 119/128 MP: 22/22
 13107 | Lair:3   | Reached skill level 16 in Fighting
 13494 | Lair:3   | Found a hole to the Spider Nest.
 13961 | Lair:4   | You are sucked into a shaft and drop 1 floor!
 13961 | Lair:5   | Entered Level 5 of the Lair of Beasts
 14035 | Lair:5   | Reached skill level 17 in Fighting
 14195 | Lair:5   | HP: 6/132 [skyshark (7)]
 14195 | Lair:5   | The Shining One protects you from harm!
 14894 | Lair:4   | Reached skill level 18 in Fighting
 14962 | Lair:4   | Reached **** piety under the Shining One
 15496 | Lair:4   | Reached skill level 19 in Fighting
 16259 | Lair:5   | Reached skill level 20 in Fighting
 16259 | Lair:5   | Reached XP level 14. HP: 91/148 MP: 23/23
 16664 | Lair:5   | Reached skill level 21 in Fighting
 17489 | Lair:5   | Found a viscous altar of Jiyva.
 17492 | Lair:5   | Found a staircase to the Slime Pits.
 17782 | Lair:1   | Killed septik's ghost
 17809 | Lair:1   | Identified the +1 war axe of the Crushed Loafs {freeze,
                  | rElec}
 17931 | D:9      | Gained mutation: You occasionally shout uncontrollably at
                  | your foes. [potion of mutation]
 17931 | D:9      | Gained mutation: You are partially covered in iridescent
                  | scales. (AC +2) [potion of mutation]
 17934 | Orc:1    | Entered Level 1 of the Orcish Mines
 17944 | Orc:1    | Reached skill level 22 in Fighting
 17979 | Orc:1    | Found a dark tunnel.
 17989 | Volcano  | Entered a volcano
 18475 | Orc:1    | Found Buukh's General Store.
 18747 | Orc:2    | Entered Level 2 of the Orcish Mines
 18749 | Orc:2    | Found a transporter.
 18749 | Orc:2    | Noticed Quercus's ghost (journeyman DsHW)
 18750 | Orc:2    | Found a transporter.
 18751 | Orc:2    | Noticed an orc warlord
 18756 | Orc:2    | Found a staircase to the Elven Halls.
 19415 | Orc:2    | Reached ***** piety under the Shining One
 19416 | Orc:2    | Reached skill level 23 in Fighting
 19642 | Orc:2    | Found Sorhex Dyla's Distillery.
 19645 | Orc:2    | Found Potunug's Magic Scroll Shoppe.
 19647 | Orc:2    | Found Lieth's Book Emporium.
 19648 | Orc:2    | Found Husm's General Store.
 19654 | Orc:2    | Bought a potion of heal wounds for 70 gold pieces
 19655 | Orc:2    | Bought a scroll of magic mapping for 97 gold pieces
 19655 | Orc:2    | Bought a scroll of fear for 52 gold pieces
 19658 | Orc:2    | Bought a potion of heal wounds for 70 gold pieces
 19759 | Orc:2    | Reached XP level 15. HP: 129/163 MP: 21/21
 19800 | Orc:2    | Killed Quercus's ghost
 19801 | Orc:2    | Reached skill level 10 in Invocations
 19852 | Elf:1    | Entered Level 1 of the Elven Halls
 19960 | Elf:1    | Noticed Louise
 19960 | Abyss:3  | Cast into level 3 of the Abyss (Louise)
 19993 | Abyss:3  | Noticed a tentacled starspawn
 19998 | Abyss:3  | Killed a tentacled starspawn
 20044 | Abyss:4  | Found a corrupted altar of Lugonu.
 20144 | Abyss:4  | Noticed a lich
 20160 | Abyss:4  | Noticed an Executioner
 20210 | Abyss:4  | Noticed a tentacled starspawn
 20216 | Abyss:4  | Killed a tentacled starspawn
 20232 | Abyss:4  | Noticed a tentacled starspawn
 20233 | Abyss:4  | Noticed a bone dragon
 20238 | Abyss:4  | Noticed a tentacled starspawn
 20239 | Abyss:4  | Killed a tentacled starspawn
 20245 | Abyss:4  | Killed a tentacled starspawn
 20264 | Abyss:4  | Noticed a dread lich
 20265 | Abyss:4  | Paralysed by a dread lich for 2 turns
 20276 | Abyss:4  | Noticed a tentacled starspawn
 20428 | Abyss:4  | Noticed a bone dragon
 20437 | Abyss:4  | HP: 8/163 [bone dragon (20)]
 20437 | Abyss:4  | HP: 2/163 [bone dragon (6)]
 20454 | Abyss:4  | Found a corrupted altar of Lugonu.
 20467 | Abyss:4  | Noticed a lich
 20468 | Abyss:4  | HP: 8/163 [wretched star/lance of force (18)]
 20468 | Abyss:4  | Lost intelligence.
 20468 | Abyss:4  | HP: 3/163 [crystal wall collision (5)]
 20475 | Abyss:4  | Noticed a tentacled starspawn
 20476 | Abyss:4  | Gained mutation: [Your spells are much easier to cast, but
                  | much less powerful.] [a neqoxec]
 20478 | Abyss:4  | Killed from afar by a lich

Illustrated notes

Levels and vault maps discovered:
D:1:      dpeg_arrival_oval, layout_basic, basic_ecumenical_altar, serial_shops,
          shop, shop, shop
D:2:      layout_rooms, grunt_ministairs_8, hangedman_abyss_or_decor_stabs,
          grunt_decor_resistance, interstate_on_off, nrook_campfire,
          corexii_shack, minmay_misc_feat_room, uniq_sigmund, uniq_terence
D:3:      layout_basic, nicolae_ashenzari_skybound, portal_sewer_entry_e
D:4:      layout_cave_pools, mainiacjoe_overflow_paths,
          beargit_hepliaklqana_dungeon_heroes, minmay_manual_mail, uniq_pikel,
          uniq_menkaure
D:5:      layout_cave_pools, uniq_edmund
D:6:      layout_basic, nicolae_overflow_crystal_walls, lemuel_tele_altar,
          minmay_temple_entry_tees, minivault_22, grunt_ministairs_6
D:7:      layout_basic, kennysheep_okawaru_gauntlet, enter_bailey_2
D:8:      layout_loops_ring
D:9:      layout_basic, mainiacjoe_overflow_alcove_4, erik_orc_2, serial_shops,
          shop, hangedman_decor_riveting
D:10:     layout_irregular_city, mainiacjoe_overflow_tiny_flanked,
          kennysheep_mini, nicolae_dithmenos_through_a_glass_darkly,
          kennysheep_little_box, dpeg_lair_monsters, enter_trove_2,
          minmay_radiant, uniq_lodul, uniq_snorg
Temple:   grunt_temple_mini_profane
Lair:1:   layout_long_grid, gammafunk_ghost_hydra_chop
Lair:2:   layout_gridlike, skrybe_swamp_entry_bodies,
          eino_small_chamber_without_monster
Lair:3:   layout_regular_city, hellmonk_spider_entry_life_and_decay
Lair:4:   slaughterhouse, layout_regular_city
Lair:5:   gammafunk_lair_ancient_temple, layout_big_grid, slime_entry_1,
          st_stairs_11, grunt_forest_small_clearing_treed, lemuel_fruit_tree,
          serial_bayou_shore_a
Orc:1:    layout_diamond_mine, nicolae_volcano_entry_lava_flow, serial_shops,
          shop
Orc:2:    st_orc_pillars, layout_diamond_mine, gammafunk_ghost_arena,
          statue_in_the_mist_lemuel
Elf:1:    eino_elf_arrival_sip, layout_gridlike, orc_legates, minmay_shoptagon,
          uniq_louise, uniq_asterion, uniq_zenata
Abyss:4:  base: Orc:2, evilmike_abyss_exit_1, hangedman_decor_lopped,
          hangedman_decor_lopped, evilmike_abyss_exit_17,
          serial_sigils_hangedman_snap, due_evilmike_abyss_rune_seething_liches,
          evilmike_abyss_exit_17, minivault_22, hangedman_abyss_monster_moat,
          spicy_abyss_unhelpful_harpoons, evilmike_abyss_rune_siren_acolytes

Skill      XL: |  1  2  3  4  5  6  7  8  9 10 11 12 13 14 15 |
---------------+----------------------------------------------+-----
Axes           | 4 7 8 10 12 17 18 | 18.5
Fighting       | 3 4 6 8 10 11 12 15 20 23 | 23.3
Armour         | 2 5 |  5.6
Invocations    | 5 9 11 | 11.0
Throwing       | |  2.0
Dodging        | |  3.2

Action                     |  1- 3 |  4- 6 |  7- 9 | 10-12 | 13-15 || total
---------------------------+-------+-------+-------+-------+-------++-------
  Melee: War axe           |    56 |    33 |   177 |       |   255 ||   521
         Headbutt          |     8 |     4 |    65 |   144 |   280 ||   501
         Punch             |       |       |     3 |    12 |    16 ||    31
         Hand axe          |       |       |   112 |       |       ||   112
         Broad axe         |       |       |    23 |   434 |   456 ||   913
         Dire flail        |       |       |       |     6 |       ||     6
         Flail             |       |       |       |     9 |    27 ||    36
         Battleaxe         |       |       |       |       |   150 ||   150
  Throw: Dart              |     3 |       |    15 |    14 |    10 ||    42
         Throwing net      |     2 |       |     4 |     1 |       ||     7
         Javelin           |       |       |       |    19 |     9 ||    28
 Invoke: Divine Shield     |       |       |       |     6 |     8 ||    14
  Evoke: Wand              |       |       |       |     6 |     8 ||    14
         Phantom mirror    |       |       |       |     1 |     1 ||     2
    Use: Scroll            |     4 |     7 |    10 |    13 |    15 ||    49
         Potion            |       |     1 |     1 |     2 |     7 ||    11
   Stab: Held in net/web   |       |       |     1 |       |       ||     1
 Armour: Leather armour    |     9 |       |       |       |       ||     9
         Scale mail        |     5 |    20 |   129 |   200 |   273 ||   627
         Plate armour      |       |       |       |       |   178 ||   178
  Dodge: Dodged            |    36 |    15 |   107 |   172 |   313 ||   643
  Block: Other             |       |       |       |    22 |    85 ||   107
